 Dungeon Crawl Stone Soup version 0.32-a0-909-gc671339a80 (webtiles) character file.

Game seed: 2370045084962188199

23748 Fractals the Fighter (level 12, -6/107 HPs)
             Began as a Demonspawn Brigand on Apr 6, 2024.
             Was an Initiate of Gozag.
             Mangled by an eight-headed hydra (13 damage)
             ... on level 3 of the Lair of Beasts on Apr 7, 2024.
             The game lasted 00:40:18 (17459 turns).

Fractals the Fighter (Demonspawn Brigand)          Turns: 17459, Time: 00:40:20

Health: -6/107     AC: 14    Str: 17    XL:     12   Next: 74%
Magic:  12/12      EV: 10    Int: 14    God:    Gozag
Gold:   1256       SH: 11    Dex: 20    Spells: 11/11 levels left

rFire   . . .        E - +7 dagger "Kuubbom" {flame, Str+2}
rCold   . . .        K - +0 buckler
rNeg    . . .        v - +0 scale mail
rPois   .            b - +1 hat
rElec   .            c - +0 cloak
rCorr   .            k - +0 pair of gloves
SInv    +            a - +0 pair of boots
Will    .....        h - amulet of reflection
Stlth   +++          r - ring of see invisible
HPRegen 0.37/turn    g - +6 ring of dexterity
MPRegen 0.13/turn

%: reflection
@: no status effects
A: claws 1, rugged brown scales 2, powered by pain 2, spiny 1
a: Renounce Religion, Potion Petition, Call Merchant, Bribe Branch


You were on level 3 of the Lair of Beasts.
You worshipped Gozag.
Gozag was most pleased with you.
You visited 3 branches of the dungeon, and saw 14 of its levels.

You collected 1854 gold pieces.
You paid 598 gold pieces to Gozag.

Inventory:

Hand Weapons
 s - a +3 dagger of venom
 E - the +7 dagger "Kuubbom" (weapon) {flame, Str+2}
   (You found it on level 5 of the Dungeon)

   Str+2:     It affects your strength (+2).
Missiles
 d - 37 poisoned darts
 i - 5 javelins
 C - a curare-tipped dart (quivered)
Armour
 a - a +0 pair of boots (worn)
 b - a +1 hat (worn)
 c - a +0 cloak (worn)
 k - a +0 pair of gloves (worn)
 v - a +0 scale mail (worn)
 K - a +0 buckler (worn)
Jewellery
 g - a +6 ring of dexterity (right hand)
 h - an amulet of reflection (around neck)
 r - a ring of see invisible (left hand)
 x - a ring of flight
 B - a ring of positive energy
 J - a ring of fire
Wands
 L - a wand of paralysis (2)
 M - a wand of iceblast (2)
Scrolls
 f - 3 scrolls of poison
 p - 3 scrolls of revelation
 q - 5 scrolls of teleportation
 t - 7 scrolls of blinking
 w - a scroll of fog
 y - a scroll of amnesia
 F - 3 scrolls of enchant weapon
Potions
 l - 3 potions of curing
 m - a potion of invisibility
 n - 3 potions of lignification
 o - a potion of resistance
 u - 3 potions of enlightenment
 z - a potion of haste
 D - 4 potions of cancellation
 G - a potion of attraction
 H - a potion of might
 O - a potion of heal wounds
Miscellaneous
 e - a phantom mirror


   Skills:
 - Level 12.0 Fighting
 + Level 9.1 Short Blades
 - Level 1.7 Throwing
 - Level 5.0 Armour
 - Level 4.2 Dodging
 - Level 9.0 Stealth
 + Level 7.1 Shields
 - Level 8.0 Evocations


You had 11 spell levels left.
You didn't know any spells.
Your spell library contained the following spells:

 Spells                   Type           Power      Damage    Failure   Level
 Magic Dart               Conj           0%         1d3       73%         1
 Searing Ray              Conj           0%         2d4       86%         2
 Fugue of the Fallen      Necr           0%         N/A       97%         3
 Ozocubu's Armour         Ice            0%         N/A       97%         3
 Fulminant Prism          Conj/Alch      0%         3d5       100%        4
 Manifold Assault         Tloc           0%         N/A       100%        7


Dungeon Overview and Level Annotations

Branches:
Dungeon (10/15)            Temple (1/1) D:6            Lair (3/5) D:10
  Swamp (0/4) Lair:3          Orc (0/2) D:10
  Snake: Lair:2-3    Spider: Lair:2-3

Altars:
Ashenzari
Cheibriados
Dithmenos
Fedhas
Gozag
Hepliaklqana
Kikubaaqudgha
Makhleb
Nemelex Xobeh
Okawaru
Qazlal
Ru
Sif Muna
Trog
Uskayaw
Vehumet
Wu Jian
Xom
Yredelemnul

Shops:
D:3 [

Annotations:
Temple 4 transporters


Innate Abilities, Weirdness & Mutations

You have sharp fingernails.
You are mostly covered in rugged brown scales. (AC +2, +5% HP)
You sometimes gain power by taking damage.
You are partially covered in sharp spines.


Message History

The eight-headed hydra bites you but does no damage.
The eight-headed hydra bites you!
You hit the eight-headed hydra. You burn the eight-headed hydra.
The eight-headed hydra is heavily wounded.
You completely miss the eight-headed hydra.
The eight-headed hydra is heavily wounded.
The eight-headed hydra bites you!
The eight-headed hydra bites you but does no damage.
The eight-headed hydra bites you! The eight-headed hydra misses you.
The eight-headed hydra bites you!
The eight-headed hydra bites you but does no damage.
The eight-headed hydra closely misses you.
The eight-headed hydra completely misses you.
You hit the eight-headed hydra. You burn the eight-headed hydra.
The eight-headed hydra is heavily wounded.
You hit the eight-headed hydra. You burn the eight-headed hydra.
The eight-headed hydra is heavily wounded.
The eight-headed hydra bites you!
You block the eight-headed hydra's attack.
The eight-headed hydra bites you but does no damage.
You block the eight-headed hydra's attack.
The eight-headed hydra bites you but does no damage.
The eight-headed hydra bites you.
* * * LOW HITPOINT WARNING * * *
The eight-headed hydra bites you but does no damage. x2
You hit the eight-headed hydra. You burn the eight-headed hydra.
The eight-headed hydra is severely wounded.
You puncture the eight-headed hydra! You burn the eight-headed hydra.
The eight-headed hydra is severely wounded.
The eight-headed hydra is struck by your spines.
The eight-headed hydra bites you.
* * * LOW HITPOINT WARNING * * *
You block the eight-headed hydra's attack. x2
The eight-headed hydra bites you!
* * * LOW HITPOINT WARNING * * *
The eight-headed hydra bites you!
* * * LOW HITPOINT WARNING * * *
The eight-headed hydra bites you!
You die...
Your body crumbles into a pile of gold.

........................
........................
.................§......
................§.§.....
...............§..§§§...
...............§§§§§.§..
................§§§§....
...............P§.§§....
.......@...P.PP.........
.......D..PP..PPPP......
...........P..P.........
..............P.P.......
............P....P......
...........PPP..........
...........PPPPPP.......
............P.P ........
.......


You could see an eight-headed hydra.

Vanquished Creatures
  3 two-headed ogres
  4 death yaks (Lair:3)
  A skyshark (Lair:2)
  A lindwurm (Lair:2)
  8 cane toads
  3 black mambas
  A torpor snail (D:10)
  4 komodo dragons
  2 rime drakes
  3 trolls
  A hornet (D:7)
  11 blink frogs
  A shadow (D:9)
  A vampire (D:10)
  A wyvern (D:10)
  2 basilisks
  25 yaks
  3 steam dragons
  5 water moccasins
  5 orc warriors
  2 ice beasts (D:5)
  3 ogres
  2 black bears
  A sky beast (D:8)
  2 boggarts (D:7)
  8 wolves
  4 centaurs
  2 phantoms
  3 kobold brigands
  2 gnoll sergeants
  9 bullfrogs
  10 wights (D:6)
  5 killer bees (D:7)
  An electric eel (D:10)
  A lava snake (D:8)
  3 jellies
  2 bombardier beetles
  6 orc priests
  9 hounds
  2 sleepcaps
  5 iguanas
  9 orc wizards
  9 adders
  5 gnolls
  A shadow imp (D:6)
  13 white imps
  2 ufetubi (D:5)
  A ribbon worm (D:2)
  7 dart slugs
  35 orcs
  5 ball pythons
  10 bats
  11 endoplasms
  4 giant cockroaches
  10 goblins
  6 hobgoblins
  17 jackals
  4 quokkas
  6 frilled lizards
  22 kobolds
  5 rats
349 creatures vanquished.

Vanquished Creatures (others)
  A goblin (D:5)
1 creature vanquished.

Grand Total: 350 creatures vanquished

Notes
Turn   | Place    | Note
-------+----------+-------------------------------------------
     0 | D:1      | Fractals the Demonspawn Brigand began the quest for the
                  | Orb.
     0 | D:1      | Reached XP level 1. HP: 16/16 MP: 1/1
   149 | D:1      | Gained mutation: You have sharp fingernails. [demonic
                  | ancestry]
   149 | D:1      | Reached XP level 2. HP: 23/23 MP: 2/2
   376 | D:1      | Reached XP level 3. HP: 27/28 MP: 3/3
   467 | D:1      | Reached skill level 3 in Fighting
  1261 | D:2      | Reached XP level 4. HP: 35/35 MP: 4/4
  2201 | D:3      | Reached skill level 4 in Fighting
  2238 | D:3      | Found Nyring's Antique Armour Emporium.
  2246 | D:3      | Found a snail-covered altar of Cheibriados.
  2356 | D:3      | Reached XP level 5. HP: 10/42 MP: 5/5
  2491 | D:3      | Found a basalt altar of Yredelemnul.
  2814 | D:3      | Reached skill level 5 in Stealth
  3108 | D:4      | Noticed a phantom
  3163 | D:4      | Killed a phantom
  3423 | D:4      | Found a sacrificial altar of Ru.
  3433 | D:4      | Reached skill level 5 in Fighting
  3433 | D:4      | Gained mutation: You are partially covered in sharp spines.
                  | [demonic ancestry]
  3433 | D:4      | Reached XP level 6. HP: 50/51 MP: 6/6
  3655 | D:4      | Reached skill level 1 in Armour
  3856 | D:4      | Found a stormy altar of Qazlal.
  3857 | D:4      | Noticed a water elemental
  3859 | D:4      | Noticed an air elemental
  3859 | D:4      | Noticed a fire elemental
  4101 | D:4      | Gained mutation: You are partially covered in rugged brown
                  | scales. (AC +1, +3% HP) [demonic ancestry]
  4101 | D:4      | Reached XP level 7. HP: 52/58 MP: 7/7
  4267 | D:5      | Entered Level 5 of the Dungeon
  4348 | D:5      | Reached skill level 6 in Fighting
  4548 | D:5      | HP: 3/60 [burnt (3)]
  4925 | D:5      | Found a shimmering altar of Xom.
  4965 | D:5      | Reached skill level 7 in Fighting
  5102 | D:5      | Reached skill level 1 in Dodging
  6008 | D:5      | Gained mutation: You are mostly covered in rugged brown
                  | scales. (AC +2, +5% HP) [demonic ancestry]
  6008 | D:5      | Reached XP level 8. HP: 62/71 MP: 8/8
  6140 | D:5      | Reached skill level 8 in Fighting
  6200 | D:5      | Identified the +7 dagger "Kuubbom" {flame, Str+2}
  6896 | D:6      | Gained mutation: You sometimes gain a little power by
                  | taking damage. [demonic ancestry]
  6896 | D:6      | Reached XP level 9. HP: 22/70 MP: 9/9
  7252 | D:6      | Found a staircase to the Ecumenical Temple.
  7258 | Temple   | Found a transporter.
  7258 | Temple   | Found a transporter.
  7258 | Temple   | Found a transporter.
  7258 | Temple   | Found a transporter.
  7258 | Temple   | Entered the Ecumenical Temple
  7653 | D:7      | Reached skill level 9 in Fighting
  8171 | D:7      | Reached skill level 5 in Short Blades
  8563 | D:7      | Reached skill level 10 in Fighting
  8568 | D:7      | Noticed a two-headed ogre
  8568 | D:7      | Noticed a two-headed ogre
  8623 | D:7      | Killed a two-headed ogre
  8641 | D:7      | Killed a two-headed ogre
  8642 | D:7      | Gained mutation: You sometimes gain power by taking damage.
                  | [demonic ancestry]
  8642 | D:7      | Reached XP level 10. HP: 69/89 MP: 10/10
  9030 | D:8      | Reached skill level 5 in Armour
  9335 | D:8      | Found a blossoming altar of Fedhas.
  9342 | D:8      | Reached skill level 1 in Evocations
  9478 | D:8      | Found a bloodstained altar of Trog.
  9478 | D:8      | Found a radiant altar of Vehumet.
 10702 | D:9      | Found a broken altar of Ashenzari.
 10711 | D:9      | Reached skill level 5 in Evocations
 10860 | D:10     | Entered Level 10 of the Dungeon
 11048 | D:10     | Found a shadowy altar of Dithmenos.
 11061 | D:10     | Noticed a two-headed ogre
 11062 | D:10     | Found a staircase to the Lair.
 11082 | D:9      | Killed a two-headed ogre
 11166 | D:10     | Found an opulent altar of Gozag.
 11196 | D:10     | Became a worshipper of Gozag Ym Sagoz the Greedy
 11247 | D:10     | Reached XP level 11. HP: 72/94 MP: 11/11
 11518 | D:10     | Found a staircase to the Orcish Mines.
 11934 | D:10     | Reached skill level 1 in Shields
 12420 | Lair:1   | Entered Level 1 of the Lair of Beasts
 13353 | Lair:1   | Reached skill level 5 in Shields
 13722 | Lair:1   | Reached skill level 11 in Fighting
 14235 | Lair:1   | Reached XP level 12. HP: 80/105 MP: 12/12
 15214 | Lair:2   | Reached skill level 12 in Fighting
 16784 | Lair:3   | Found a staircase to the Swamp.
 16878 | Lair:3   | Noticed a death yak
 16879 | Lair:3   | Noticed a death yak
 16906 | Lair:3   | Noticed a death yak
 16911 | Lair:3   | Noticed a death yak
 16917 | Lair:3   | Killed a death yak
 16921 | Lair:3   | Killed a death yak
 17123 | Lair:3   | Identified the +6 mace "Weypis" {freeze, rCorr}
 17142 | Lair:3   | Killed a death yak
 17158 | Lair:3   | Killed a death yak
 17446 | Lair:3   | Noticed an eight-headed hydra
 17459 | Lair:3   | Mangled by an eight-headed hydra

Illustrated notes

Levels and vault maps discovered:
D:1:      wheals_arrival_linesprint, layout_basic, minmay_misc_feat_ornament,
          minmay_tall_x
D:2:      minmay_skewed_foursquare, layout_basic, minmay_misc_feat_four_crosses
D:3:      layout_loops_cross, cheibriados_altar_1,
          mainiacjoe_overflow_concentric_impassable, serial_shops, shop,
          minmay_randomly_rotated_circles
D:4:      layout_basic, nicolae_ru_great_annihilating_truth,
          nicolae_qazlal_style_of_elements, minmay_splitting_lines
D:5:      layout_gridville, dk_xom_monty_hall, lightli_minifort
D:6:      layout_rooms, kennysheep_little_box,
          minmay_temple_entry_enclosed_plants
D:7:      layout_loops_corners, kennysheep_doodads, nicolae_phantomly_mirrored
D:8:      layout_rooms, mainiacjoe_overflow_six_doors_small,
          nicolae_overflow_two_pavilions, grunt_ministairs_9
D:9:      layout_stronghold, marbit_many_paths, kennysheep_generic_room_11
D:10:     layout_cave_pools, nicolae_elyvilon_peaceful_grove,
          nicolae_gozag_cash_rules_everything_around_me, kennysheep_mini,
          erik_lair_island, orc_0_dummy
Temple:   hellmonk_temple_divided_pantheon
Lair:1:   layout_regular_city, portal_ice_cave_entry_imps, grunt_megastairs_4
Lair:2:   layout_loops_ring
Lair:3:   layout_cave_shapes, swamp_mist, guppyfry_snake_entry_island,
          serial_forest, infiniplex_forest_lined_1, infiniplex_forest_join,
          infiniplex_forest_lined_4_way, infiniplex_forest_clump_C,
          infiniplex_forest_lined_3_way, infiniplex_forest_clump_cross,
          minivault_11

Skill      XL: |  1  2  3  4  5  6  7  8  9 10 11 12 |
---------------+-------------------------------------+-----
Stealth        | 4 5 7 8 9 |  9.0
Fighting       | 3 4 5 7 8 10 11 12 | 12.0
Short Blades   | 2 4 6 9 |  9.1
Armour         | 2 3 4 5 |  5.0
Dodging        | 2 4 |  4.2
Evocations     | 6 8 |  8.0
Shields        | 5 7 |  7.1
Throwing       | |  1.7

Action                     |  1- 3 |  4- 6 |  7- 9 | 10-12 || total
---------------------------+-------+-------+-------+-------++-------
  Melee: Dagger            |   114 |   224 |   248 |   763 ||  1349
  Throw: Dart              |     8 |    10 |    16 |     1 ||    35
 Invoke: Potion Petition   |       |       |       |     1 ||     1
    Use: Scroll            |     1 |     2 |     9 |    15 ||    27
         Potion            |       |       |     3 |     4 ||     7
   Stab: Sleeping          |     7 |     9 |     8 |     6 ||    30
         Distracted        |     1 |       |     1 |     5 ||     7
         Invisible         |       |     1 |       |     3 ||     4
 Armour: Robe              |    55 |     4 |       |       ||    59
         Ring mail         |       |   113 |   172 |    12 ||   297
         Skin              |       |     1 |       |       ||     1
         Scale mail        |       |       |       |   414 ||   414
  Dodge: Dodged            |    63 |   105 |    99 |   236 ||   503
  Block: Other             |       |       |    15 |    47 ||    62
         Reflection        |       |       |       |    10 ||    10
         Buckler           |       |       |       |   214 ||   214

Table legend: (Time is in decaauts)
 A = Elapsed time spent in this place.
 B = Non-inter-level travel time spent in this place.
 C = Inter-level travel time spent in this place.
 D = Time resting spent in this place.
 E = Time spent auto-exploring this place.
 F = Levels seen in this place.
 G = Mean time per level.
                   A        B        C        D        E       F      G
               +--------+--------+--------+--------+--------+-----+--------+
         Total |  17184 |  16744 |    440 |   5436 |   6868 |  14 | 1227.4 |
       Dungeon |  12958 |  12581 |    377 |   3668 |   5439 |  10 | 1295.8 |
        Temple |     41 |     32 |      9 |      0 |      0 |   1 |   41.0 |
          Lair |   4183 |   4130 |     53 |   1768 |   1429 |   3 | 1394.3 |
               +--------+--------+--------+--------+--------+-----+--------+

Top non-repeatable levels by time:
    D:10: 2212 daAuts
     D:5: 1917 daAuts
  Lair:1: 1532 daAuts
     D:7: 1415 daAuts
  Lair:2: 1389 daAuts
     D:4: 1368 daAuts
     D:9: 1312 daAuts
  Lair:3: 1262 daAuts
     D:2: 1191 daAuts
     D:1: 942 daAuts
     D:3: 915 daAuts
     D:6: 893 daAuts
     D:8: 788 daAuts
  Temple: 41 daAuts
